 Dungeon Crawl Stone Soup version 0.28.0-53-g5a82cb258f (webtiles) character file.

Game seed: 15698031343508365420

9968 GilGalad the Fighter (level 11, 0/105 HPs)
             Began as a Minotaur Monk on June 20, 2022.
             Was an Elder of Makhleb.
             Slain by a boulder beetle (18 damage)
             ... on level 10 of the Dungeon.
             The game lasted 00:35:23 (12527 turns).

GilGalad the Fighter (Minotaur Monk)               Turns: 12527, Time: 00:35:25

Health: 0/105      AC: 19    Str: 19    XL:     11   Next: 30%
Magic:  10/10      EV: 10    Int:  7    God:    Makhleb [****..]
Gold:   592        SH:  0    Dex: 20    Spells: 10/10 levels left

rFire   . . .      SeeInvis .   a - +6 falchion
rCold   . . .      Faith    .   (no shield)
rNeg    + + .      Spirit   .   O - +4 chain mail "Leagutim" {rN++}
rPois   .          Reflect  .   (helmet restricted)
rElec   .          Harm     .   (no cloak)
rCorr   +          Rampage  .   i - +0 pair of gloves
Will    .....                   d - +0 pair of boots
Stlth   ..........              o - amulet of regeneration
HPRegen 1.07/turn               f - ring of resist corrosion
MPRegen 0.12/turn               y - +6 ring of dexterity

@: no status effects
A: horns 2, retaliatory headbutt
a: Renounce Religion, Minor Destruction, Lesser Servant of Makhleb, Major
Destruction


You were on level 10 of the Dungeon.
You worshipped Makhleb.
Makhleb was greatly pleased with you.
You visited 2 branches of the dungeon, and saw 12 of its levels.

You collected 592 gold pieces.

Inventory:

Hand Weapons
 a - a +6 falchion (weapon)
 b - a +0 war axe
 l - a +2 falchion of holy wrath
Armour
 d - a +0 pair of boots (worn)
 h - the +1 leather armour "Bysch" {rElec rC- rCorr Slay+3}
   (You found it on level 4 of the Dungeon)

   Slay:      It affects your accuracy & damage with ranged weapons and melee
   (+3).
   rC:        It makes you vulnerable to cold.
   rElec:     It insulates you from electricity.
   rCorr:     It protects you from acid and corrosion.
 i - a +0 pair of gloves (worn)
 t - a +0 leather armour
 F - a +3 chain mail of positive energy
 G - a +0 plate armour
 O - the +4 chain mail "Leagutim" (worn) {rN++}
   (You found it on level 11 of the Dungeon)

   rN:        It greatly protects you from negative energy.
Jewellery
 f - a ring of resist corrosion (left hand)
 o - an amulet of regeneration (around neck)
 u - an amulet of guardian spirit
 w - an amulet of magic regeneration
 y - a +6 ring of dexterity (right hand)
 M - a ring of poison resistance
 N - a ring of protection from fire
Wands
 z - a wand of charming (13)
 H - a wand of iceblast (12)
 Q - a wand of flame (6)
 R - a wand of acid (6)
Scrolls
 c - a scroll of fear {unknown}
 e - a scroll of identify
 j - 2 scrolls of summoning {unknown}
 n - a scroll of fog {unknown}
 q - 2 scrolls of magic mapping
 x - 2 scrolls of enchant weapon {unknown}
 B - 4 scrolls of enchant armour {unknown}
 C - 5 scrolls of amnesia {unknown}
 D - a scroll of torment {unknown}
 I - 2 scrolls of vulnerability {unknown}
 J - 4 scrolls of blinking {unknown}
 L - 3 scrolls of silence {unknown}
 P - 2 scrolls of noise {unknown}
Potions
 g - 3 potions of curing
 k - 2 potions of lignification
 m - 2 potions of brilliance
 p - a potion of degeneration
 r - a potion of heal wounds
 s - a potion of flight
 v - a potion of attraction
 E - a potion of ambrosia
 K - a potion of resistance


   Skills:
 + Level 12.7 Fighting
 + Level 12.7 Axes
 + Level 12.1 Armour
 - Level 3.6 Dodging
 - Level 2.0 Stealth
 + Level 0.0 Invocations


You had 10 spell levels left.
You didn't know any spells.
Your spell library contained the following spells:

 Spells                   Type           Power      Damage    Failure   Level
 Magic Dart               Conj           0%         1d3       97%         1
 Blink                    Tloc           0%         N/A       99%         2
 Call Imp                 Summ           0%         N/A       99%         2
 Conjure Flame            Conj/Fire      0%         6-21      100%        3
 Ignite Poison            Fire/Tmut/Pois 0%         N/A       100%        3
 Mephitic Cloud           Conj/Pois/Air  0%         N/A       100%        3
 Summon Guardian Golem    Hex/Summ       0%         N/A       100%        3
 Sticky Flame             Conj/Fire      0%         2d3       100%        4
 Manifold Assault         Tloc           0%         N/A       100%        5
 Dispersal                Tloc           0%         N/A       100%        6
 Malign Gateway           Summ/Tloc      0%         N/A       100%        7
 Orb of Destruction       Conj           0%         9d5       100%        7
 Spellforged Servitor     Conj/Summ      0%         N/A       100%        7
 Storm Form               Tmut/Air       0%         N/A       100%        7


Dungeon Overview and Level Annotations

Branches:
Dungeon (11/15)            Temple (1/1) D:6            Lair (0/6) D:11
    Orc: D:9-12

Altars:
Ashenzari
Cheibriados
Dithmenos
Elyvilon
Gozag
Kikubaaqudgha
Makhleb
Nemelex Xobeh
Okawaru
Qazlal
Sif Muna
Uskayaw
Yredelemnul
Zin

Shops:
D:3 =   D:4 =   D:9 [*

Annotations:
D:9 exclusion: orange crystal statue
D:11 exclusion: 2 oklob plants


Innate Abilities, Weirdness & Mutations

You have a pair of horns on your head.
You reflexively headbutt those who attack you in melee.


Message History

The boulder beetle bites you but does no damage.
The boulder beetle closely misses you.
You hit the boulder beetle but do no damage.
The boulder beetle is severely wounded.
The boulder beetle barely misses you.
You hit the boulder beetle but do no damage.
The boulder beetle is severely wounded.
The boulder beetle bites you!
You barely miss the boulder beetle.
The boulder beetle is severely wounded.
The boulder beetle bites you!!
* * * LOW HITPOINT WARNING * * *
The boulder beetle barely misses you. You furiously retaliate!
You headbutt the boulder beetle!
You climb upwards.
There is a stone staircase leading down here.
You hit the boulder beetle but do no damage.
The boulder beetle is severely wounded.
The boulder beetle leaps! x2
The boulder beetle leaps!
You climb downwards.
Level annotation: exclusion: 2 oklob plants
There is a stone staircase leading up, spattered with blood here.
You climb upwards.
The boulder beetle bites you!!
* * * LOW HITPOINT WARNING * * *
There is a stone staircase leading down, spattered with blood here.
You hit the boulder beetle but do no damage.
The boulder beetle is heavily wounded.
The boulder beetle bites you!
* * * LOW HITPOINT WARNING * * *
The boulder beetle bites you.
* * * LOW HITPOINT WARNING * * *
You hit the boulder beetle but do no damage.
You headbutt the boulder beetle, but do no damage.
The boulder beetle is heavily wounded.
The boulder beetle bites you but does no damage.
You hit the boulder beetle.
The boulder beetle is heavily wounded.
The boulder beetle bites you!!
You die...

#.....#...#......#...#...#....##.
##'#########'######..#...#....##.
#........#...#.......#...#...##..
#........#...#.......#...#...##..
#........#...#.......'...#...#...
#.....####...#.......#)..#...#...
#..#..#..#######.###########.....
#..#..#..#..# ##### #............
#..+..#..'..####@####.........#..
#..#..#..#####8B..8############..
##'####..# ##.....##............
#..#.....# #8.....8#........<...
#..'.....#####.....############..
####.....'..##8...8##.........###
#..####..#..##.....##............
#.....#..#..#8.....8#............
#.....'..#..##.....##............


You could see a boulder beetle.

Vanquished Creatures
  A two-headed ogre (D:9)
  Pikel (D:4)
  An oklob plant (D:11)
  A cyclops (D:9)
  A manticore (D:11)
  Grinder (D:6)
  3 trolls
  Sigmund (D:3)
  A shadow (D:11)
  2 wyverns
  14 yaks
  Eustachio (D:4)
  A steam dragon (D:10)
  Menkaure (D:5)
  Edmund (D:6)
  A water moccasin (D:6)
  4 orc warriors
  An ice beast (D:5)
  A black bear (D:6)
  A necrophage (D:5)
  A sky beast (D:6)
  An ogre (D:6)
  A centaur (D:8)
  2 phantoms
  3 kobold brigands
  A lemure (D:4)
  2 bullfrogs
  A scorpion (D:6)
  A gnoll sergeant (D:10)
  A water moccasin skeleton (D:7)
  An electric eel (D:7)
  6 wights
  4 howler monkeys
  3 bullfrog zombies
  A bullfrog skeleton (D:6)
  3 centaur zombies
  3 jellies
  A gnoll shaman (D:8)
  5 orc priests
  3 hounds
  A centaur skeleton (D:7)
  A scorpion zombie (D:5)
  11 orc wizards
  A killer bee zombie (D:6)
  A hound skeleton (D:5)
  Robin (D:2)
  9 gnolls
  6 adders
  A howler monkey skeleton (D:4)
  A shadow imp (D:8)
  A white imp (D:7)
  2 ufetubi
  2 worms
  2 dart slugs (D:1)
  39 orcs
  8 endoplasms
  8 giant cockroaches
  12 goblins
  13 hobgoblins
  4 jackals (D:5)
  6 quokkas (D:5)
  3 ball pythons (D:1)
  3 bats (D:1)
  A frilled lizard (D:3)
  13 kobolds
  3 rats
236 creatures vanquished.

Vanquished Creatures (others)
  2 fungi (D:6)
  5 plants (D:11)
7 creatures vanquished.

Grand Total: 243 creatures vanquished

Notes
Turn   | Place    | Note
-------+----------+-------------------------------------------
     0 | D:1      | GilGalad the Minotaur Monk began the quest for the Orb.
     0 | D:1      | Reached XP level 1. HP: 19/19 MP: 0/0
   116 | D:1      | Reached XP level 2. HP: 27/27 MP: 1/1
   803 | D:1      | Reached XP level 3. HP: 33/33 MP: 2/2
   968 | D:2      | Noticed Robin
  1238 | D:2      | Killed Robin
  1239 | D:2      | Reached skill level 1 in Armour
  1523 | D:2      | Reached XP level 4. HP: 38/41 MP: 3/3
  2179 | D:3      | Found Jexodaz's Jewellery Emporium.
  2350 | D:3      | Noticed Sigmund
  2471 | D:4      | Noticed a lemure
  2624 | D:4      | Noticed a lemure
  2640 | D:4      | Reached XP level 5. HP: 47/47 MP: 4/4
  2646 | D:4      | Killed a lemure
  2658 | D:4      | Noticed Pikel
  2659 | D:4      | Noticed a lemure
  2685 | D:4      | Killed Pikel
  2686 | D:4      | Reached XP level 6. HP: 18/57 MP: 5/5
  2686 | D:4      | Reached XP level 7. HP: 19/63 MP: 6/6
  2789 | D:4      | Noticed Eustachio
  2797 | D:4      | Killed Eustachio
  2798 | D:4      | Reached skill level 5 in Armour
  2950 | D:4      | Identified the +1 leather armour "Bysch" {rElec rC- rCorr
                  | Slay+3}
  2992 | D:4      | Found Yhemnituto's Jewellery Emporium.
  3418 | D:5      | Entered Level 5 of the Dungeon
  3577 | D:3      | Found a faded altar of an unknown god.
  3702 | D:3      | Killed Sigmund
  3703 | D:3      | Reached XP level 8. HP: 58/73 MP: 7/7
  3971 | D:4      | Found Yhemnituto's Jewellery Emporium.
  4839 | D:5      | Noticed Menkaure
  4848 | D:5      | Killed Menkaure
  5100 | D:6      | Found a staircase to the Ecumenical Temple.
  5108 | Temple   | Entered the Ecumenical Temple
  5134 | Temple   | Became a worshipper of Makhleb the Destroyer
  5134 | Temple   | Reached * piety under Makhleb
  5134 | Temple   | Reached ** piety under Makhleb
  5339 | D:6      | Found an ancient bone altar of Kikubaaqudgha.
  5339 | D:6      | Noticed Grinder
  5387 | D:6      | Paralysed by Grinder for 5 turns
  5408 | D:6      | Killed Grinder
  5409 | D:6      | Reached XP level 9. HP: 83/83 MP: 8/8
  5467 | D:6      | Found a snail-covered altar of Cheibriados.
  5606 | D:6      | Noticed Edmund
  5620 | D:6      | Killed Edmund
  5878 | D:6      | Found a basalt altar of Yredelemnul.
  6102 | D:6      | Found a broken altar of Ashenzari.
  6369 | D:7      | Found a white marble altar of Elyvilon.
  6544 | D:7      | Reached skill level 10 in Fighting
  6544 | D:7      | Reached skill level 10 in Axes
  6559 | D:7      | Noticed a troll
  6565 | D:7      | Killed a troll
  6575 | D:7      | Reached *** piety under Makhleb
  7636 | D:8      | Noticed a troll
  7649 | D:8      | Killed a troll
  7650 | D:8      | Reached XP level 10. HP: 56/94 MP: 9/9
  7711 | D:8      | Noticed a two-headed ogre
  8180 | D:8      | Reached skill level 10 in Armour
  8756 | D:9      | Got Afroeqot's Grimoire of Translocation
  8838 | D:9      | Noticed an orange crystal statue
  8915 | D:9      | Noticed a cyclops
  8930 | D:9      | Killed a cyclops
  8957 | D:9      | Found Cistry's Assorted Antiques.
  9012 | D:9      | Found Essuk's Antique Armour Shoppe.
  9369 | D:10     | Entered Level 10 of the Dungeon
  9487 | D:10     | Noticed a two-headed ogre
  9506 | D:9      | Killed a two-headed ogre
 10609 | D:10     | Reached XP level 11. HP: 83/104 MP: 10/10
 10755 | D:11     | Reached **** piety under Makhleb
 10866 | D:11     | Identified the +4 chain mail "Leagutim" {rN++}
 11132 | D:11     | Noticed a boulder beetle
 11167 | D:11     | Noticed an oklob plant
 11580 | D:10     | Found a glowing silver altar of Zin.
 11596 | D:11     | Noticed an oklob plant
 11687 | D:11     | Found a staircase to the Lair.
 11688 | D:11     | Noticed an oklob plant
 11701 | D:11     | Killed an oklob plant
 12527 | D:10     | Slain by a boulder beetle

Illustrated notes

Levels and vault maps discovered:
D:1:      ebering_hopf_link, layout_loops_ring
D:2:      layout_basic, uniq_robin
D:3:      layout_basic, hellmonk_ecumenical_altar_inner_sanctum, serial_shops,
          nicolae_lakefront_shop, hangedman_decor_opposing, uniq_sigmund
D:4:      layout_gridville, serial_shops, shop, kennysheep_pointless_box,
          chequers_serial_rivers_room_a, uniq_eustachio, uniq_pikel
D:5:      layout_cave_pools, gup_sewer_entry_pipe, uniq_menkaure
D:6:      minmay_chambers_of_threes, layout_basic, kennysheep_mini,
          lemuel_coloured_pillars_altar, slow_altar_1,
          mainiacjoe_overflow_cross_hatched, small_statue_intersection,
          amcnicky_mini_corridor_feature, hangedman_decor_clover_reticule,
          uniq_edmund, uniq_grinder
D:7:      layout_loops_ring, elyvilon_altar_4, serial_rivers,
          chequers_serial_rivers_small_3, chequers_serial_rivers_micro_e,
          chequers_serial_rivers_room_a, chequers_serial_rivers_small_a,
          chequers_serial_rivers_large_a, chequers_serial_rivers_small_a,
          nicolae_water_bricks, grunt_ministairs_8
D:8:      layout_basic, minmay_unpleasant_kobolds
D:9:      layout_loops_ring, serial_shops, shop, nicolae_shop_hallway_stairs,
          roderic_roman_lattice, disabler_island
D:10:     layout_grid_maze, nicolae_overflow_hidden_temple,
          small_statue_intersection, minmay_misc_feat_x
D:11:     layout_loops_ring, dpeg_oklobed_lair
Temple:   eino_temple_scatter_basement

Skill      XL: |  1  2  3  4  5  6  7  8  9 10 11 |
---------------+----------------------------------+-----
Fighting       | 4 6 7 9 10 12 | 12.7
Stealth        | 2 |  2.0
Axes           | 4 6 7 9 10 12 | 12.7
Armour         | 1 2 4 6 7 9 11 12 | 12.1
Dodging        | |  3.6

Action                   |  1- 3 |  4- 6 |  7- 9 | 10-12 || total
-------------------------+-------+-------+-------+-------++-------
Melee: Hand axe          |    78 |       |       |       ||    78
       Headbutt          |    18 |     8 |    65 |   117 ||   208
       Punch             |     1 |     1 |       |    14 ||    16
       War axe           |     1 |    49 |   109 |    68 ||   227
       Falchion          |       |       |   197 |   323 ||   520
Invok: Minor Destruction |       |       |       |     2 ||     2
Evoke: Wand              |       |       |       |     1 ||     1
  Use: Scroll            |       |     1 |     4 |     8 ||    13
       Potion            |       |       |     2 |     5 ||     7
 Stab: Sleeping          |     2 |     2 |     1 |       ||     5
       Distracted        |       |       |     1 |       ||     1
Armor: Robe              |    17 |     6 |       |       ||    23
       Leather armour    |       |     8 |    43 |       ||    51
       Chain mail        |       |       |   107 |   218 ||   325
Dodge: Dodged            |    52 |    31 |   167 |   212 ||   462
